 Dungeon Crawl Stone Soup version 0.21.1-1-g345015f (webtiles) character file.

2498 kae the Cleaver (level 9, 0/79 HPs)
             Began as a Hill Orc Fighter on June 1, 2018.
             Was a Follower of Okawaru.
             Slain by Joseph
             ... wielding a +1 quarterstaff of protection
              (5 damage)
             ... on level 7 of the Dungeon.
             The game lasted 00:05:06 (6497 turns).

kae the Cleaver (Hill Orc Fighter)                  Turns: 6497, Time: 00:05:07

Health: 0/79       AC: 11    Str: 21    XL:     9   Next: 52%
Magic:  10/10      EV: 12    Int:  8    God:    Okawaru [*.....]
Gold:   383        SH:  4    Dex: 11    Spells: 8/8 levels left

rFire    + . .     SeeInvis .   a - +1 war axe
rCold    + . .     Gourm    .   v - +0 buckler
rNeg     . . .     Faith    .   b - +0 scale mail
rPois    +         Spirit   .   p - +0 helmet
rElec    +         Reflect  .   (no cloak)
rCorr    +         Harm     .   (no gloves)
MR       .....                  r - +1 pair of boots
Stlth    ..........             h - amulet of regeneration
HPRegen  0.63/turn              x - ring of loudness (curse)
MPRegen  0.12/turn              (no ring)

@: resistant, very slightly contaminated, invisible (expiring)
A: no striking features
a: Heroism, Renounce Religion


You were on level 7 of the Dungeon.
You worshipped Okawaru.
Okawaru was aware of your devotion.
You were hungry.

You visited 2 branches of the dungeon, and saw 8 of its levels.

You collected 383 gold pieces.

Inventory:

Hand Weapons
 a - a +1 war axe (weapon)
Missiles
 q - a throwing net (quivered)
Armour
 b - a +0 scale mail (worn)
 c - a +0 shield
 p - a +0 helmet (worn)
 r - a +1 pair of boots (worn)
 v - a +0 buckler (worn)
Jewellery
 h - an amulet of regeneration (around neck)
 m - the amulet "Gocka" {Inacc *Slow Int+3, unknown}
   (You found it on level 5 of the Dungeon)

   [amulet of inaccuracy]

   It reduces the accuracy of all your attacks.
   It affects your intelligence (+3).
   It may slow you when you take damage.
 x - a cursed ring of loudness (left hand)
Wands
 g - a wand of iceblast (7)
 k - a wand of disintegration (6)
 o - a wand of random effects (37)
 s - a wand of flame (33)
Scrolls
 d - a scroll of magic mapping
 i - 4 scrolls of remove curse
 j - a scroll of enchant weapon
 t - a scroll of identify
 u - 2 scrolls of amnesia
 y - a scroll of immolation {unknown}
Potions
 e - a potion of haste
 l - 2 potions of curing
Books
 n - a book of Callings

   Spells                             Type                      Level
   a - Summon Small Mammal            Summoning                    1
   b - Call Imp                       Summoning                    2
   c - Call Canine Familiar           Summoning                    3
   d - Summon Guardian Golem          Hexes/Summoning              3
   e - Summon Lightning Spire         Summoning/Air                4
   f - Summon Ice Beast               Ice/Summoning                4
Comestibles
 f - 10 rations


   Skills:
 + Level 7.5 Fighting
 * Level 10.4 Axes
 + Level 6.9 Armour
 + Level 4.4 Dodging
 - Level 4.0 Shields
 + Level 1.6 Invocations


You had 8 spell levels left.
You didn't know any spells.

Dungeon Overview and Level Annotations

Branches:
Dungeon (7/15)             Temple (1/1) D:6

Altars:
Ashenzari
Cheibriados
Dithmenos
Elyvilon
Fedhas
Gozag
Hepliaklqana
Kikubaaqudgha
Makhleb
Nemelex Xobeh
Okawaru
Qazlal
Ru
Sif Muna
Trog
Uskayaw
Vehumet
Wu Jian
Xom
Yredelemnul
Zin
The Shining One

Shops:
D:4 *

Annotations:
D:7 Joseph


Message History

* * * LOW HITPOINT WARNING * * *
Something hits the killer bee!
You barely miss Joseph.
Joseph is heavily wounded.
Joseph says, "It's nothing personal, but I have to kill you."
You block Joseph's attack.
The killer bee closely misses something.
You closely miss Joseph.
Joseph is heavily wounded.
The killer bee stings the freed slave.
Joseph closely misses you.
The killer bee closely misses the freed slave.
The freed slave misses the killer bee.
Your scale mail prevents you from hitting Joseph.
Joseph is heavily wounded.
The killer bee stings the freed slave!
The freed slave is poisoned.
The killer bee poisons the freed slave!
The killer bee barely misses the freed slave.
Joseph hits you with a quarterstaff of protection.
You die... ..... ... .... .y. ... py.

#.. #y# ####..##### #y#########
.##.........# #@##... ..#
.......#.##.# #@##.#.##.#####
....#..#.##.###$##..#.#.#...####
.......#....[..(##.#............
#.....###.######....#.#...####
###...###.######...##.#####
.####.......##..........#
.........#####.###...####
######...# #.####..### #...#
#.##....>.#


You could see Joseph, 4 killer bees and a neutral freed slave.

Vanquished Creatures
  Pikel (D:7)
  The ghost of Curus the Insei, an amateur MfTm (D:4)
  Menkaure (D:4)
  2 ice beasts
  A slave (D:7)
  A sky beast (D:6)
  2 ogres (D:4)
  Blork the orc (D:4)
  A bullfrog (D:6)
  5 scorpions (D:4)
  5 killer bees (D:5)
  A crimson imp (D:5)
  A hound (D:7)
  A jelly (D:5)
  5 orc priests
  A centaur skeleton (D:5)
  An iguana (D:4)
  5 orc wizards
  Ijyb (D:5)
  Terence (D:2)
  3 worker ants
  A hound skeleton (D:6)
  A worker ant zombie (D:5)
  Robin (D:3)
  5 adders
  An ooze (D:3)
  An adder skeleton (D:6)
  2 worms
  A leopard gecko (D:1)
  19 orcs
  5 giant cockroaches
  16 goblins
  12 hobgoblins
  2 quokkas
  4 bats
  6 frilled lizards
  7 kobolds
  A leopard gecko zombie (D:5)
  4 rats
130 creatures vanquished.

Vanquished Creatures (others)
  2 slaves (D:7)
2 creatures vanquished.

Grand Total: 132 creatures vanquished

Notes
Turn   | Place    | Note
-------+----------+-------------------------------------------
     0 | D:1      | kae the Hill Orc Fighter began the quest for the Orb.
     0 | D:1      | Reached XP level 1. HP: 19/19 MP: 1/1
   119 | D:1      | Reached skill level 3 in Axes
   120 | D:1      | Reached XP level 2. HP: 27/27 MP: 2/2
   407 | D:1      | Reached XP level 3. HP: 33/33 MP: 3/3
   741 | D:2      | Noticed Terence
   763 | D:2      | Killed Terence
   763 | D:2      | Reached skill level 4 in Axes
   763 | D:2      | Reached skill level 1 in Dodging
   763 | D:2      | Reached XP level 4. HP: 26/40 MP: 4/4
  1387 | D:3      | Noticed Robin
  1415 | D:3      | Killed Robin
  1415 | D:3      | Reached XP level 5. HP: 22/47 MP: 5/5
  1721 | D:3      | Reached skill level 5 in Axes
  1723 | D:3      | HP: 1/47 [orc priest/divine providence (12)]
  1831 | D:3      | Reached XP level 6. HP: 12/53 MP: 6/6
  2134 | D:3      | Found a shattered altar of Ashenzari.
  2191 | D:3      | Found a hazy altar of Hepliaklqana.
  2831 | D:4      | Noticed Curus's ghost (amateur MfTm)
  2841 | D:4      | Killed Curus's ghost
  2841 | D:4      | Reached skill level 5 in Fighting
  2841 | D:4      | Reached skill level 6 in Axes
  2841 | D:4      | Reached XP level 7. HP: 60/61 MP: 7/7
  2908 | D:4      | Reached skill level 5 in Armour
  2950 | D:4      | Reached skill level 7 in Axes
  2987 | D:4      | Noticed Blork the orc
  2997 | D:4      | Killed Blork the orc
  3188 | D:4      | Reached XP level 8. HP: 59/70 MP: 8/8
  3213 | D:4      | Noticed Menkaure
  3219 | D:4      | Killed Menkaure
  3219 | D:4      | Reached skill level 8 in Axes
  3432 | D:4      | Found Kinuciz's General Store.
  3890 | D:5      | Entered Level 5 of the Dungeon
  3931 | D:5      | Noticed Ijyb
  3973 | D:5      | Killed Ijyb
  4185 | D:5      | Reached skill level 9 in Axes
  5071 | D:5      | Reached XP level 9. HP: 39/78 MP: 9/9
  5192 | D:5      | Got a pitted garnet amulet
  5694 | D:6      | Found a staircase to the Ecumenical Temple.
  5707 | Temple   | Entered the Ecumenical Temple
  5840 | Temple   | Became a worshipper of Warmaster Okawaru
  6070 | D:6      | Reached skill level 10 in Axes
  6462 | D:7      | Noticed Pikel
  6470 | D:7      | Noticed Joseph
  6487 | D:7      | Killed Pikel
  6487 | D:7      | Reached * piety under Okawaru
  6487 | D:7      | Reached skill level 1 in Invocations
  6494 | D:7      | HP: 3/79 [Joseph/quarterstaff of protection (9)]
  6497 | D:7      | Slain by Joseph

Skill      XL: |  1  2  3  4  5  6  7  8  9 |
---------------+----------------------------+-----
Axes           | 3 4 5 6 7 9 10 | 10.4
Fighting       | 4 5 6 7 |  7.5
Dodging        | 1 2 3 4 |  4.4
Armour         | 4 5 6 |  6.9
Shields        | 4 |  4.0
Invocations    | 1 |  1.6

Action                   |  1- 3 |  4- 6 |  7- 9 || total
-------------------------+-------+-------+-------++-------
Melee: War axe           |    96 |   150 |   286 ||   532
Evoke: Wand              |       |       |    10 ||    10
  Use: Potion            |       |     2 |     7 ||     9
       Scroll            |       |       |     9 ||     9
  Eat: Chunk             |       |     7 |     4 ||    11
       Ration            |       |       |     2 ||     2
Armor: Scale mail        |    34 |    58 |   127 ||   219
       Skin              |       |       |     6 ||     6
Dodge: Dodged            |    40 |    49 |   113 ||   202
Block: Shield            |    63 |    75 |    90 ||   228
       Buckler           |       |       |     9 ||     9
